 Dungeon Crawl Stone Soup version 0.30-a0-802-gb92711bcdf (webtiles) character file.

Game seed: 17124222276538185362

70 Pimp the Trooper (level 4, -1/41 HPs)
             Began as a Hill Orc Fighter on Feb 24, 2023.
             Slain by a gnoll
             ... wielding a +0 halberd
              (7 damage)
             ... on level 3 of the Dungeon.
             The game lasted 00:03:11 (1775 turns).

Pimp the Trooper (Hill Orc Fighter)                 Turns: 1775, Time: 00:03:11

Health: -1/41      AC:  9    Str: 20    XL:     4   Next: 22%
Magic:  4/4        EV:  9    Int:  8    God:
Gold:   108        SH:  4    Dex: 10    Spells: 3/3 levels left

rFire   . . .      SeeInvis .    a - +0 long sword
rCold   . . .      Faith    .    c - +0 buckler
rNeg    . . .      Spirit   .    b - +0 scale mail
rPois   .          Reflect  .    (no helmet)
rElec   .          Harm     .    m - +0 cloak
rCorr   .          Rampage  .    (no gloves)
Will    .....                    h - +0 pair of boots Stlth
                                 (no amulet)
HPRegen 0.26/turn                (no ring)
MPRegen 0.09/turn                (no ring)

@: mighty, hasted, very quick
A: no striking features
a: no special abilities


You were on level 3 of the Dungeon.
You visited 1 branch of the dungeon, and saw 3 of its levels.

You collected 108 gold pieces.

Inventory:

Hand Weapons
 a - a +0 long sword (weapon)
Missiles
 e - 3 javelins (quivered)
Armour
 b - a +0 scale mail (worn)
 c - a +0 buckler (worn)
 h - a +0 pair of boots (worn)
 m - a +0 cloak (worn)
 p - the +2 leather armour of Xom's Displeasure {Int+3}
   (You found it on level 2 of the Dungeon)

   Int:       It affects your intelligence (+3).
Scrolls
 f - a scroll of identify
 i - 2 scrolls of amnesia
 n - a scroll of fear {unknown}
 q - a scroll of blinking {unknown}
Potions
 g - a potion of berserk rage {unknown}
 j - a potion of curing {unknown}
 l - a potion of magic {unknown}
 o - a potion of mutation {unknown}


   Skills:
 + Level 4.3 Fighting
 + Level 3.0 Long Blades
 + Level 3.9 Armour
 + Level 3.9 Shields


You had 3 spell levels left.
You didn't know any spells.
Your spell library was empty.

Dungeon Overview and Level Annotations

Branches:
Dungeon (3/15)

Altars:


Message History

The jackal closely misses you.
You hit the gnoll but do no damage.
The gnoll is moderately wounded.
The jackal barely misses you. x2
The jackal bites you but does no damage.
The gnoll closely misses you.
You feel very mighty all of a sudden. The jackal bites you.
* * * LOW HITPOINT WARNING * * *
The jackal bites you but does no damage.
You block the gnoll's attack. The jackal barely misses you.
The jackal misses you.
As you read the scroll labelled GIXZIGELAMO, it crumbles to dust.
It is a scroll of identify.
i - 2 scrolls of amnesia The gnoll barely misses you.
The jackal bites you but does no damage.
The jackal barely misses you.
It was a potion of haste.
You feel yourself speed up.
The jackal barely misses you. x2; You block the gnoll's attack.
The jackal bites you.
* * * LOW HITPOINT WARNING * * *
You barely miss the gnoll.
The gnoll is moderately wounded.
The jackal bites you but does no damage.
The gnoll hits you but does no damage. The jackal barely misses you.
The jackal bites you.
* * * LOW HITPOINT WARNING * * *
You hit the gnoll.
The gnoll is severely wounded.
The jackal barely misses you. The gnoll barely misses you.
You block the jackal's attack.
You closely miss the gnoll.
The gnoll is severely wounded.
The jackal completely misses you. The jackal barely misses you.
The gnoll closely misses you.
You hit the gnoll.
The gnoll is almost dead.
You block the jackal's attack. x2; The gnoll hits you with a +0 halberd!
You die...

##...# ......
###.######....#.
##)..#....# ..
#####.>....## .#
####.....###...#
##.# .....#####
###.###..#
######
#...h.###.### #
#####hr.....<.
#gKg@h##..)$..
....g##### .....
### .... ... ..
.


You could see 3 gnolls, 3 jackals, a kobold and a rat.

Vanquished Creatures
  An adder (D:2)
  2 worms (D:2)
  3 dart slugs
  2 ball pythons
  An endoplasm (D:1)
  A giant cockroach (D:1)
  4 goblins
  A hobgoblin (D:1)
  15 jackals
  4 quokkas
  3 bats
  A frilled lizard (D:1)
  4 kobolds
  3 rats (D:1)
45 creatures vanquished.

Vanquished Creatures (others)
  2 demonic plants (D:1)
2 creatures vanquished.

Grand Total: 47 creatures vanquished

Notes
Turn   | Place    | Note
-------+----------+-------------------------------------------
     0 | D:1      | Pimp the Hill Orc Fighter began the quest for the Orb.
     0 | D:1      | Reached XP level 1. HP: 19/19 MP: 1/1
   134 | D:1      | Reached XP level 2. HP: 27/27 MP: 2/2
   329 | D:1      | Reached XP level 3. HP: 33/33 MP: 3/3
   338 | D:1      | Reached skill level 4 in Fighting
   577 | D:1      | Found a faded altar of an unknown god.
  1085 | D:2      | Identified the +2 leather armour of Xom's Displeasure
                  | {Int+3}
  1432 | D:2      | Reached XP level 4. HP: 40/40 MP: 4/4
  1775 | D:3      | Slain by a gnoll

Illustrated notes

Levels and vault maps discovered:
D:1:      psy_arrival_terrarium, layout_basic, shapermc_ecumenical_altar_gd,
          chequers_decorated_corner
D:2:      layout_loops_ring
D:3:      layout_rooms

Skill      XL: |  1  2  3  4 |
---------------+-------------+-----
Fighting       | 4 |  4.3
Long Blades    | 3 |  3.0
Armour         | |  3.9
Shields        | |  3.9

Action                     |  1- 3 |  4- 6 || total
---------------------------+-------+-------++-------
  Melee: Long sword        |   133 |    21 ||   154
    Use: Potion            |       |     2 ||     2
         Scroll            |       |     1 ||     1
 Armour: Scale mail        |    74 |    15 ||    89
  Dodge: Dodged            |    73 |    23 ||    96
  Block: Buckler           |    31 |    11 ||    42

Table legend: (Time is in decaauts)
 A = Elapsed time spent in this place.
 B = Non-inter-level travel time spent in this place.
 C = Inter-level travel time spent in this place.
 D = Time resting spent in this place.
 E = Time spent auto-exploring this place.
 F = Levels seen in this place.
 G = Mean time per level.
                   A        B        C        D        E       F      G
               +--------+--------+--------+--------+--------+-----+--------+
         Total |   1820 |   1684 |    136 |     37 |   1199 |   3 |  606.7 |
       Dungeon |   1820 |   1684 |    136 |     37 |   1199 |   3 |  606.7 |
               +--------+--------+--------+--------+--------+-----+--------+

Top non-repeatable levels by time:
     D:2: 906 daAuts
     D:1: 779 daAuts
     D:3: 134 daAuts
